 Dungeon Crawl Stone Soup version 0.17-a0-1910-g4c791fa (webtiles) character file.

297 shakdrar the Poker (level 6, -5/72 HPs)
             Began as a Merfolk Berserker on Sept 25, 2015.
             Was a Believer of Trog.
             Slain by a wight
             ... wielding a +3 dire flail
              (7 damage)
             ... on level 3 of the Dungeon.
             The game lasted 00:12:09 (3236 turns).

shakdrar the Poker (Merfolk Berserker)              Turns: 3236, Time: 00:12:09

Health: -5/72      AC:  4    Str: 24    XL:     6   Next: 35%
Magic:  6/6        EV: 13    Int:  6    God:    Trog [**....]
Gold:   164        SH:  0    Dex: 14    Spells: 0 memorised, 5 levels left

rFire  . . .     SeeInvis .     a - +0 spear
rCold  . . .     Clarity  .     m - +0 leather armour {MR+}
rNeg   . . .     SustAt   +     (no shield)
rPois  .         Gourm    .     (no helmet)
rElec  .         Spirit   .     (no cloak)
rCorr  .         Warding  .     (no gloves)
rMut   .         Stasis   .     l - +0 pair of boots
MR     +++..                    (no amulet)
Stlth  ..........               (no ring)
                                f - ring of sustain attributes

@: berserking, regenerating, drained, very quick, extremely resistant to hostile
enchantments, extremely unstealthy
A: change form in water, swift swim
a: Burn Spellbooks, Berserk, Trog's Hand, Renounce Religion


You were on level 3 of the Dungeon.
You worshipped Trog.
Trog was pleased with you.
You were not hungry.

You visited 1 branch of the dungeon, and saw 3 of its levels.

You collected 164 gold pieces.

Inventory:

Hand weapons
 a - a +0 spear (weapon)
Armour
 l - a +0 pair of boots (worn)
 m - a +0 leather armour of magic resistance (worn)
Jewellery
 f - a ring of sustain attributes (left hand)
Magical devices
 d - a wand of digging (2)
Potions
 b - 3 potions of lignification
 e - a potion of magic
 g - 2 potions of curing
 i - a potion of mutation {unknown}
 j - 2 potions of might {unknown}
 n - a potion of brilliance {unknown}
Comestibles
 c - 3 bread rations
 h - a beef jerky
 k - 4 chunks of flesh


   Skills:
 + Level 4.1(3.8) Fighting
 * Level 7.3(6.9) Polearms
 + Level 2.6(2.3) Armour
 + Level 4.4(4.0) Dodging


You had 5 spell levels left.
You didn't know any spells.

Dungeon Overview and Level Annotations

Branches:
Dungeon (3/15)

Altars:
Elyvilon
Trog
Zin
The Shining One


Message History

The wight closely misses you.
You hit the wight.
The wight is moderately damaged.
You closely miss the wight.
The wight is moderately damaged.
The wight closely misses you.
The wight hits you with a mace of freezing.
* * * LOW HITPOINT WARNING * * *
The wight freezes you.
* * * LOW HITPOINT WARNING * * *
You hit the wight.
The wight is severely damaged.
The wight hits you with a great sword!
* * * LOW HITPOINT WARNING * * *
You barely miss the wight.
The wight is severely damaged.
You completely miss the wight.
The wight is severely damaged.
The wight hits you with an enchanted dire flail!
You die...

####### #.....#
#.....# ...r.
#.....#.......
#.....#........
#.....#........
#..zz.#........
#..@z..........
####)..........
#.......>...
#...$.......
#...<....#.$
###...%.......
#..........#..
#.....#+##.#
#.....# #


You could see 3 wights.

Vanquished Creatures
  2 wights (D:3)
  A quasit (D:3)
  Ijyb (D:2)
  An orc wizard (D:3)
  3 adders
  4 gnolls (D:2)
  An ooze (D:2)
  A worm (D:3)
  4 giant geckos
  4 orcs (D:3)
  A giant cockroach (D:1)
  6 goblins
  9 hobgoblins
  2 jackals (D:1)
  7 kobolds
  2 quokkas
  3 ball pythons
  8 bats
  3 giant newts
  6 rats
69 creatures vanquished.

Notes
Turn   | Place    | Note
--------------------------------------------------------------
     0 | D:1      | shakdrar the Merfolk Berserker began the quest for the Orb.
     0 | D:1      | Reached XP level 1. HP: 18/18 MP: 1/1
   351 | D:1      | Reached XP level 2. HP: 21/24 MP: 2/2
   454 | D:1      | Reached skill level 5 in Polearms
   668 | D:1      | Reached XP level 3. HP: 29/29 MP: 3/3
   806 | D:1      | Acquired Trog's second power
  1385 | D:2      | Found a bloodstained altar of Trog.
  1710 | D:2      | Noticed Ijyb
  1735 | D:2      | Killed Ijyb
  1735 | D:2      | Reached skill level 6 in Polearms
  1735 | D:2      | Reached XP level 4. HP: 36/36 MP: 4/4
  1747 | D:2      | Reached XP level 5. HP: 35/42 MP: 5/5
  2497 | D:2      | Found a glowing silver altar of Zin.
  2497 | D:2      | Found a white marble altar of Elyvilon.
  2498 | D:2      | Found a glowing golden altar of the Shining One.
  2898 | D:3      | Reached skill level 7 in Polearms
  3003 | D:3      | Found a faded altar to an unknown god.
  3029 | D:3      | Reached XP level 6. HP: 41/48 MP: 6/6
  3234 | D:3      | HP: 1/72 [wight/great sword (14)]
  3236 | D:3      | Slain by a wight

Vault maps used:
D:1:      scummos_arrival_checkerplants
D:2:      good_gods_temple_1, nicolae_overflow_crystal_walls, minmay_cupped,
          uniq_iyjb
D:3:      ecumenical_altar_2, uniq_terence

Action                   |  1- 3 |  4- 6 || total
-------------------------+-------+-------++-------
Melee: Spear             |   209 |   166 ||   375
Invok: Berserk           |     1 |     3 ||     4
       Trog's Hand       |       |     1 ||     1
  Use: Scroll            |     2 |     6 ||     8
  Eat: Chunk             |     3 |     8 ||    11
